Map: Kairos Junction LE

Players

Osi - Winner!

  • Race: Zerg Zerg
  • League: Platinum
  • Spawn Location: 11:00

SandboX

  • Race: Zerg Zerg
  • League: Gold
  • Spawn Location: 5:00

VOD

Have the link to the VOD?

Description

Time

  • Played on: Aug. 11, 2019, 4:39 p.m.
  • Length: 9:08
Show
View Real Time Build Order
Export as new Build Order

Osi Zerg - Winner!

Build Orders: Pool First, Zergling Baneling 

Get SALT Encoding   

  12  0:01  Drone  
  13  0:12  Overlord  
  13  0:24  Drone  
  14  0:32  Drone x2  
  16  0:42  Spawning Pool  
  15  0:45  Drone  
  16  1:02  Drone x2  
  18  1:07  Extractor  
  18  1:08  Drone  
  18  1:20  Hatchery  
  18  1:23  Drone  
  18  1:34  Overlord  
  18  1:44  Queen  
  18  1:45  Drone  
  21  1:51  Drone  
  22  2:04  Overlord  
  22  2:16  Drone  
  22  2:22  Metabolic Boost  
  23  2:35  Zergling x2  
  23  2:36  Zergling x4  
  23  2:37  Queen  
  28  2:48  Spine Crawler  
  27  2:56  Zergling x6  
  27  2:58  Drone x3  
  33  3:23  Zergling x2  
  33  3:24  Zergling x8  
  33  3:26  Queen  
  33  3:27  Queen  
  40  3:28  Drone  
  43  3:36  Baneling Nest  
  39  3:45  Zergling x2  
  39  3:46  Zergling x2  
  39  3:59  Drone x4  
  43  4:02  Extractor  
  43  4:05  Roach Warren  
  41  4:20  Baneling x11  
  41  4:23  Drone  
  41  4:24  Drone x2  
  42  4:54  Roach  
  42  4:56  Overlord  
  42  4:57  Overlord x3  
  44  5:04  Evolution Chamber  
  42  5:09  Evolution Chamber  
  28  5:23  Roach  
  28  5:24  Roach x5  
  27  5:54  Overlord x2  
  27  5:55  Overlord  
  27  5:56  Zergling x4  
  27  6:15  Drone  
  27  6:16  Drone x2  
  25  6:48  Drone x6  
  31  7:02  Drone x2  
  33  7:09  Drone  
  34  7:19  Overlord  
  34  7:22  Zergling x4  
  36  8:00  Drone  
  36  8:01  Drone x5  
  36  8:04  Lair  
  36  8:05  Hatchery  
  41  8:14  Pneumatized Carapace  
  41  8:31  Baneling x4  
  41  8:37  Drone  
  41  8:38  Drone x5  
Show
View Real Time Build Order
Export as new Build Order

SandboX Zerg 

Build Orders: Hatch First, Zergling Baneling 

Get SALT Encoding   

  12  0:01  Drone  
  13  0:16  Overlord  
  13  0:26  Drone  
  14  0:34  Drone x2  
  16  0:38  Drone  
  17  0:54  Hatchery  
  16  1:01  Drone x2  
  18  1:06  Extractor  
  17  1:21  Spawning Pool  
  17  1:22  Drone  
  17  1:25  Drone  
  18  1:32  Drone  
  19  1:48  Overlord  
  19  2:08  Zergling x6  
  21  2:10  Queen x2  
  21  2:14  Metabolic Boost  
  26  2:21  Drone x2  
  28  2:33  Drone  
  28  2:34  Drone  
  30  2:42  Drone x2  
  32  3:05  Hatchery  
  31  3:13  Zergling x10  
  31  3:16  Overlord  
  34  3:31  Baneling Nest  
  31  3:43  Zergling x16  
  38  3:50  Overlord x2  
  36  3:59  Zergling x6  
  38  4:18  Baneling x11  
  38  4:40  Zergling x24  
  46  4:58  Zergling x6  
  26  5:18  Zergling x12  
  25  5:48  Zergling x4  
  18  6:04  Baneling  
  18  6:06  Baneling  
  12  6:38  Drone  
  7  7:06  Drone x2  
  9  7:33  Drone x3  
  12  7:41  Drone  
  13  7:51  Drone  
  14  8:05  Drone x3  
  17  8:12  Drone  
  18  8:18  Drone  
  19  8:21  Drone  
  20  8:30  Drone x2  
  22  8:40  Drone x4  
  26  8:46  Drone x2  
  28  8:49  Drone  
  28  8:51  Drone  
  28  8:54  Drone  
Tags
 
Add a new tag
Caveats
  • Supply blocks, unpowered buildings, or Contaminate may cause inaccurate times.
  • Supply counts are checked every 10 seconds.